AoeStats
← lamanito6

African Clearing

504417118Analyzed
4v4 RM · 28d ago on Sep 5, 2026· 57m 38s· 8 players
Game mode
Random Map
Map size
Large (8 player)
Population
200
Speed
Normal
Resources
Standard
Victory
Conquest
Starting age
Dark Age
Ending age
Imperial Age
RankedLock teamsTeams togetherTeam positionsShared explorationLock speedFull tech treeHidden civsTurbo modeCheats
Victory
Defeat
🇨🇳 Persians · China
1258
+12
🇨🇳 Byzantines · China
1126
+17
1085
+19
🇨🇳 Japanese · China
990
+22
🇲🇽 Khitans · Mexico
1186
-19
🇲🇽 Georgians · Mexico
1163
-18
🇪🇸 Wei · Spain
1146
-17
🇦🇷 Huns · Argentina
1100
-16
ODIN
8:59 Loom
13:42 Feudal Age
15:28 Double-Bit Axe
18:32 Forging
19:57 Scale Barding Armor
27:31 Wheelbarrow
30:26 Castle Age
29:05 Domestication
31:29 Light Cavalry
35:27 Iron Casting
36:01 Scale Mail Armor
42:11 Bow Saw
49:37 Imperial Age
47:34 Squires
49:40 Elite Fire Lancer
50:28 Capped Ram
52:27 Arson
53:07 Chain Mail Armor
54:16 Gold Mining
55:38 Conscription
kama.Kroxa
3:29 Loom
13:16 Feudal Age
14:25 Double-Bit Axe
14:25 Horse Collar
22:31 Bloodlines
25:13 Castle Age
28:34 Scale Barding Armor
28:41 Forging
32:13 Castle Age
42:09 Wheelbarrow
42:48 Chain Barding Armor
49:14 Imperial Age
50:33 Conscription
50:50 Iron Casting
51:58 Plate Barding Armor
52:55 Hand Cart
56:42 Elite Monaspa
58:03 Aznauri Cavalry
John G
14:55 Feudal Age
14:13 Loom
19:06 Castle Age
20:57 Scale Barding Armor
20:59 Double-Bit Axe
26:50 Chain Barding Armor
29:12 Horse Collar
32:13 Wheelbarrow
32:50 Bloodlines
36:14 Fletching
37:15 Forging
37:42 Bow Saw
37:35 Heavy Plow
41:27 Padded Archer Armor
41:26 Bodkin Arrow
43:27 Ballistics
44:24 Hand Cart
46:33 Leather Archer Armor
47:37 Thumb Ring
49:21 Husbandry
51:57 Murder Holes
54:10 Gold Mining
lamanito6
5:39 Loom
14:51 Feudal Age
15:17 Double-Bit Axe
15:13 Horse Collar
19:48 Forging
23:47 Bloodlines
23:52 Gold Mining
28:49 Castle Age
27:19 Scale Barding Armor
27:54 Fletching
28:04 Padded Archer Armor
30:10 Iron Casting
31:42 Wheelbarrow
31:40 Heavy Plow
32:02 Husbandry
40:53 Gold Shaft Mining
40:08 Stone Mining
41:53 Ballistics
42:59 Bodkin Arrow
43:19 Leather Archer Armor
48:32 Imperial Age
50:48 Parthian Tactics
50:25 Bracer
50:56 Ring Archer Armor
51:30 Chemistry
51:23 Thumb Ring
83716497273
9:15 Loom
16:04 Feudal Age
16:32 Double-Bit Axe
16:34 Fishing Lines
23:24 Castle Age
22:21 Scale Mail Armor
23:45 Forging
24:25 Bow Saw
23:51 Pikeman
25:26 Gillnets
28:53 Wheelbarrow
28:49 Town Watch
30:02 Town Patrol
31:50 Gold Mining
31:51 Stone Mining
35:11 Chain Mail Armor
35:23 Fletching
39:38 Imperial Age
38:20 Gold Shaft Mining
38:08 Yasama
38:04 Bodkin Arrow
39:21 Iron Casting
39:00 Guard Tower
38:51 Treadmill Crane
39:32 Ballistics
39:46 Halberdier
40:27 Squires
40:13 Arson
40:13 Gambesons
39:49 Man-at-Arms
41:04 Plate Mail Armor
41:35 Blast Furnace
40:40 Bracer
41:29 Bracer
41:53 Hand Cart
41:29 Arrowslits
42:53 Chemistry
42:05 Masonry
42:52 Conscription
42:53 Kataparuto
43:24 Elite Samurai
43:28 Long Swordsman
48:27 Hoardings
48:00 Murder Holes
48:46 Keep
48:52 Keep
49:38 Two-Man Saw
49:21 Coinage
49:17 Two-Handed Swordsman
50:35 Siege Engineers
50:15 Champion
51:46 Banking
kiyohime
2:58 Loom
13:06 Feudal Age
13:40 Double-Bit Axe
13:48 Gold Mining
19:31 Fletching
22:04 Wheelbarrow
23:32 Horse Collar
29:16 Castle Age
27:37 Padded Archer Armor
27:48 Forging
27:44 Scale Barding Armor
31:15 Bow Saw
31:38 Chain Barding Armor
32:23 Stone Mining
32:39 Heavy Plow
37:02 Imperial Age
35:58 Hand Cart
36:56 Ballistics
37:59 Chain Barding Armor
39:48 Plate Barding Armor
40:57 Conscription
40:02 Heavy Camel Rider
40:43 Husbandry
41:52 Two-Man Saw
42:44 Chemistry
41:37 Treadmill Crane
43:31 Iron Casting
42:52 Bodkin Arrow
45:40 Guilds
47:32 Crop Rotation
53:42 Elite Cataphract
54:33 Logistica
54:34 Bracer
巨浪大切
3:51 Loom
12:34 Feudal Age
15:23 Bloodlines
15:36 Scale Barding Armor
15:43 Forging
16:28 Fletching
20:45 Padded Archer Armor
22:11 Double-Bit Axe
22:10 Horse Collar
28:14 Scale Mail Armor
32:45 Castle Age
33:26 Husbandry
43:41 Leather Archer Armor
44:02 Kamandaran
47:26 Wheelbarrow
46:37 Town Watch
53:15 Hand Cart
54:59 Bodkin Arrow
54:29 Crossbowman
55:14 Thumb Ring
58:43 Imperial Age
57:44 Town Patrol
唐尚书右丞王维
4:19 Loom
14:02 Feudal Age
20:32 Castle Age
18:49 Double-Bit Axe
19:17 Stone Mining
21:27 Pikeman
23:03 Scale Mail Armor
29:25 Fletching
34:13 Padded Archer Armor
38:07 Ballistics
40:40 Gold Mining
41:14 Elite Skirmisher
47:56 Wheelbarrow
52:26 Imperial Age
52:28 Bodkin Arrow
52:43 Forging
52:49 Chain Mail Armor
52:49 Leather Archer Armor
53:39 Squires
54:24 Halberdier
56:10 Plate Mail Armor
56:16 Iron Casting
55:05 Elite Fire Lancer
57:19 Thumb Ring
Connection lost

Rejoining the realm…

Still unreachable

The connection could not be restored.

Session expired

The server has moved on; the page needs a fresh start.